Map: Whirlwind LE (Void)

Players

Fropez

  • Race: Protoss Protoss
  • Spawn Location: 11:00

Natce - Winner!

  • Race: Protoss Protoss
  • Spawn Location: 1:00

VOD

Have the link to the VOD?

Description

Time

  • Played on: Nov. 23, 2016, 11:22 a.m.
  • Length: 12:03
Show
View Real Time Build Order
Export as new Build Order

Fropez Protoss 

Build Orders:  

Get SALT Encoding   

  12  0:01  Probe (Chrono Boost)  
  13  0:12  Probe (Chrono Boost)  
  14  0:20  Pylon  
  14  0:22  Probe (Chrono Boost)  
  15  0:29  Assimilator  
  15  0:38  Probe (Chrono Boost)  
  16  0:48  Probe (Chrono Boost), Gateway  
  17  0:59  Probe (Chrono Boost), Assimilator  
  18  1:09  Probe (Chrono Boost)  
  19  1:20  Probe (Chrono Boost)  
  20  1:30  Probe (Chrono Boost)  
  21  1:39  Cybernetics Core  
  21  1:41  Probe (Chrono Boost)  
  21  1:44  Pylon  
  22  1:52  Probe (Chrono Boost)  
  23  1:59  Pylon  
  23  2:03  Probe (Chrono Boost), Gateway  
  25  2:19  Mothership Core (Chrono Boost)  
  25  2:20  Warp Gate (Chrono Boost)  
  26  2:23  Stalker  
  28  2:45  Nexus  
  28  2:56  Probe  
  29  3:01  Stalker  
  31  3:08  Probe  
  31  3:22  Stargate  
  31  3:24  Gateway  
  31  3:32  Adept  
  31  3:33  Adept  
  35  3:42  Pylon  
  35  3:44  Probe  
  36  3:53  Forge  
  36  4:05  Phoenix  
  38  4:11  Probe  
  38  4:13  Pylon  
  39  4:19  Adept  
  41  4:25  Adept  
  41  4:31  Probe  
  43  4:32  Probe  
  45  4:41  Probe  
  45  4:43  Assimilator  
  45  4:44  Probe  
  45  4:52  Adept x2  
  47  5:00  Assimilator  
  47  5:01  Phoenix (Chrono Boost)  
  49  5:09  Probe  
  49  5:11  Probe  
  51  5:14  Protoss Ground Weapons Level 1 (Chrono Boost)  
  51  5:22  Adept x3  
  57  5:31  Phoenix (Chrono Boost)  
  59  5:42  Probe  
  59  5:44  Probe  
  61  6:05  Nexus  
  51  6:13  Phoenix  
  49  6:24  Fleet Beacon  
  49  6:26  Probe  
  49  6:28  Stargate  
  49  6:31  Twilight Council, Pylon  
  50  6:37  Probe  
  50  6:38  Probe  
  52  6:41  Phoenix  
  52  6:43  Protoss Air Weapons Level 1  
  54  6:47  Probe  
  54  6:53  Probe  
  56  6:57  Stalker x2  
  60  7:06  Phoenix  
  60  7:07  Pylon  
  62  7:09  Anion Pulse-Crystals (Chrono Boost)  
  62  7:23  Probe  
  62  7:27  Phoenix  
  65  7:33  Phoenix  
  67  7:40  Probe  
  67  7:42  Probe  
  69  7:45  Probe  
  69  7:51  Probe  
  70  7:55  Assimilator  
  70  7:56  Protoss Shields Level 1 (Chrono Boost)  
  71  8:01  Blink  
  71  8:08  Phoenix  
  73  8:41  Stalker x2  
  73  8:42  Stalker  
  73  8:47  Assimilator  
  79  8:49  Pylon  
  79  8:54  Phoenix x2  
  79  8:55  Pylon  
  83  9:09  Protoss Air Weapons Level 2 (Chrono Boost)  
  83  9:19  Phoenix x2  
  85  9:35  Stalker x3  
  91  9:39  Gateway  
  91  9:41  Pylon  
  91  9:49  Photon Cannon  
  91  9:50  Photon Cannon  
  91  9:51  Probe x2  
  93  9:58  Phoenix  
  93  9:59  Phoenix  
  97  10:02  Nexus  
  97  10:05  Assimilator  
  97  10:08  Stalker x2  
  97  10:09  Assimilator, Stalker  
  97  10:12  Pylon  
  97  10:13  Probe x2  
  97  10:14  Pylon x2  
  105  10:33  Stalker x3  
  111  10:38  Pylon  
  111  10:45  Probe x2  
  113  10:57  Gateway  
  113  11:14  Phoenix x2  
  117  11:34  Nexus  
  91  11:48  Stalker x4  
Show
View Real Time Build Order
Export as new Build Order

Natce Protoss - Winner!

Build Orders: 1 Gate Expand 

Get SALT Encoding   

  12  0:04  Probe (Chrono Boost)  
  13  0:14  Probe (Chrono Boost)  
  13  0:18  Pylon  
  14  0:25  Probe (Chrono Boost)  
  15  0:30  Assimilator  
  15  0:36  Probe (Chrono Boost)  
  16  0:44  Gateway  
  16  0:47  Probe (Chrono Boost)  
  17  0:57  Probe (Chrono Boost)  
  18  1:08  Probe (Chrono Boost)  
  19  1:25  Nexus  
  19  1:28  Probe (Chrono Boost)  
  20  1:38  Cybernetics Core  
  20  1:42  Probe (Chrono Boost)  
  21  1:48  Assimilator  
  21  1:52  Probe (Chrono Boost)  
  22  1:59  Pylon  
  22  2:03  Probe (Chrono Boost)  
  23  2:17  Mothership Core (Chrono Boost)  
  25  2:32  Pylon  
  25  2:38  Probe x2 (Chrono Boost)  
  27  2:49  Probe x2 (Chrono Boost)  
  29  2:52  Stargate  
  29  2:54  Stargate  
  29  2:59  Probe x2 (Chrono Boost)  
  31  3:10  Probe x2 (Chrono Boost)  
  33  3:20  Probe x2 (Chrono Boost)  
  33  3:25  Forge  
  35  3:31  Probe (Chrono Boost)  
  35  3:32  Probe (Chrono Boost)  
  37  3:43  Probe x2  
  39  3:49  Void Ray x2 (Chrono Boost)  
  39  3:52  Assimilator  
  47  3:58  Assimilator  
  47  4:00  Pylon  
  47  4:09  Photon Cannon  
  47  4:19  Photon Cannon  
  47  4:21  Probe x2  
  49  4:29  Photon Cannon  
  49  4:36  Photon Cannon  
  49  4:46  Void Ray x2 (Chrono Boost)  
  57  4:59  Probe  
  59  5:00  Probe  
  59  5:08  Protoss Air Weapons Level 1  
  59  5:09  Protoss Shields Level 1  
  59  5:12  Probe x2  
  61  5:14  Pylon  
  61  5:17  Pylon  
  61  5:24  Probe  
  62  5:33  Void Ray x2 (Chrono Boost)  
  70  5:45  Cybernetics Core  
  70  5:46  Robotics Facility  
  70  6:24  Void Ray x2 (Chrono Boost)  
  78  6:29  Protoss Air Armor Level 1  
  78  6:35  Pylon  
  78  6:37  Pylon  
  78  6:53  Observer  
  79  6:54  Nexus  
  79  6:55  Pylon  
  79  6:58  Pylon  
  79  7:01  Assimilator  
  79  7:05  Void Ray x2 (Chrono Boost)  
  79  7:06  Assimilator  
  87  7:09  Pylon  
  87  7:14  Observer  
  88  7:18  Fleet Beacon  
  88  7:37  Photon Cannon  
  88  7:40  Photon Cannon  
  88  7:43  Photon Cannon  
  88  7:45  Void Ray x2 (Chrono Boost)  
  88  7:46  Photon Cannon  
  96  8:05  Probe x3  
  99  8:15  Stargate  
  99  8:17  Probe  
  100  8:44  Observer  
  101  8:48  Protoss Air Weapons Level 2  
  101  8:49  Protoss Air Armor Level 2  
  101  9:01  Twilight Council  
  101  9:05  Observer  
  102  9:42  Void Ray x3 (Chrono Boost)  
  114  9:53  Pylon  
  114  9:55  Pylon  
  114  9:58  Pylon  
  114  10:03  Pylon  
  114  10:04  Pylon  
  114  10:05  Pylon  
  114  10:07  Pylon  
  114  10:10  Pylon  
  114  10:19  Void Ray (Chrono Boost)  
  114  10:20  Void Ray x2 (Chrono Boost)  
  132  10:58  Void Ray x3 (Chrono Boost)  
Tags
 
Add a new tag
Caveats
  • Supply blocks, unpowered buildings, or Contaminate may cause inaccurate times.
  • Supply counts are checked every 10 seconds.